 Dungeon Sprint DCSS version 0.27-a0-1612-gde56a17b89 (webtiles) character file.

Game seed: 17839863710125979424

41595 night the Wrestler (level 14, -40/89 HPs)
             Began as a Vine Stalker Fighter on July 21, 2021.
             Was an Initiate of Gozag.
             Annihilated by a bunyip (41 damage)
             ... in the Dungeon (Sprint IX: "|||||||||||||||||||||||||||||").
             The game lasted 00:12:42 (2456 turns).

night the Wrestler (Vine Stalker Fighter)           Turns: 2456, Time: 00:12:43

Health: -40/89     AC: 15    Str: 22    XL:     14   Next: 16%
Magic:  0/28       EV: 11    Int: 10    God:    Gozag
Gold:   9863       SH: 15    Dex: 14    Spells: 32/32 levels left

rFire    + . .     SeeInvis .     - Unarmed
rCold    . . .     Faith    .   b - +1 kite shield {rPois}
rNeg     . . .     Spirit   +   w - +3 scale mail {rF+}
rPois    +         Reflect  .   (no helmet)
rElec    .         Harm     .   m - +0 cloak
rCorr    .         Rampage  .   l - +1 pair of gloves
Will     +....     NoTele   +   p - +0 pair of boots
Stlth    ..........             (no amulet)
HPRegen  1.24/turn              a - +2 ring of evasion
MPRegen  0.21/turn              o - +2 ring of protection

@: gold aura
A: fangs 3, regeneration 1, magic shield, antimagic bite, no potion heal 2
a: Renounce Religion, Potion Petition, Call Merchant, Bribe Branch


You were in the Dungeon.
You worshipped Gozag.
Gozag was greatly pleased with you.
You visited 1 branch You collected 12403 gold pieces.
You spent 576 gold pieces at shops.
You paid 1964 gold pieces to Gozag.

Inventory:

Missiles
 c - 13 arrows
 g - 16 sling bullets
 u - 8 boomerangs (quivered)
 E - 6 javelins
 F - 3 throwing nets
Armour
 b - a +1 kite shield of poison resistance (worn)
 l - a +1 pair of gloves (worn)
 m - a +0 cloak (worn)
 p - a +0 pair of boots (worn)
 w - a +3 scale mail of fire resistance (worn)
Jewellery
 a - a +2 ring of evasion (left hand)
 o - a +2 ring of protection (right hand)
 v - a +6 ring of strength
 x - a ring of protection from fire
 y - a ring of ice
 z - a ring of ice
 A - a +6 ring of strength
Wands
 k - a wand of acid (1)
 n - a wand of flame (17)
Scrolls
 j - 2 scrolls of amnesia
 r - 3 scrolls of identify
 s - 2 scrolls of fear
 t - 2 scrolls of enchant armour
 C - 2 scrolls of enchant weapon
 D - a scroll of fog
Potions
 d - 6 potions of curing
 e - 2 potions of brilliance
 f - 4 potions of magic
 h - 3 potions of berserk rage
 i - a potion of invisibility
 q - a potion of lignification
 B - a potion of might


   Skills:
 + Level 17.3 Fighting
 - Level 2.4 Armour
 - Level 15.0 Shields
 * Level 24.4 Unarmed Combat
 + Level 9.7 Spellcasting


You had 32 spell levels left.
You didn't know any spells.
Your spell library was empty.

Dungeon Overview and Level Annotations

Branches:
Dungeon (1/1)

Altars:
Cheibriados
Dithmenos
Elyvilon
Fedhas
Gozag
Hepliaklqana
Kikubaaqudgha
Makhleb
Nemelex Xobeh
Okawaru
Qazlal
Ru
Sif Muna
Trog
Uskayaw
Vehumet
Wu Jian
Xom
Yredelemnul
Zin
The Shining One
Beogh
Jiyva
Lugonu

Shops:
D [(*!


Innate Abilities, Weirdness & Mutations

You have razor-sharp teeth.
Your natural rate of healing is unusually fast.
When hurt, damage is shared between your health and your magic reserves.
Your bite disrupts and absorbs the magic of your enemies.
Potions cannot restore your health.


Message History

Things that are here:
207 gold pieces; a +0 quarterstaff; a +0 robe The will-o-the-wisp gives a chilling moan.
You pummel the seven-headed hydra!!
Your bite misses the seven-headed hydra.
The seven-headed hydra is moderately wounded.
The alligator is no longer distracted by gold.
You block the seven-headed hydra's attack. x3
The seven-headed hydra bites you but does no damage.
The seven-headed hydra barely misses you.
The seven-headed hydra bites you!
The seven-headed hydra bites you but does no damage.
You hit the seven-headed hydra. You bite the seven-headed hydra!
You drain its power.
You feel invigorated.
The seven-headed hydra is moderately wounded.
You pummel the seven-headed hydra!!
The seven-headed hydra is severely wounded.
The bog body is no longer distracted by gold.
The seven-headed hydra bites you!
You block the seven-headed hydra's attack.
The seven-headed hydra bites you. The seven-headed hydra bites you!!
You block the seven-headed hydra's attack.
The seven-headed hydra bites you!
You block the seven-headed hydra's attack.
You pummel the seven-headed hydra!!
You kill the seven-headed hydra!
The alligator is distracted by your dazzling golden aura.
The will-o-the-wisp gestures.
The will-o-the-wisp conjures some foxfire!
The bog body casts a spell at you. You resist with almost no effort.
A foxfire comes into view.
You see here 162 gold pieces.
You pummel the bog body like a punching bag!!!
You destroy the bog body!
You closely miss the bunyip. The bunyip claws you!!!
* * * LOW HITPOINT WARNING * * *
The bunyip barely misses you. The bunyip claws you!!!
You die...
Your body crumbles into a pile of gold.

♣♣♣♣♣♣♣♣♣▓▓▓▓▓▓▓▓▓▓▓▓▓▓▓
vvt..fx@$...).))..).....
▓▓▓▓▓▓▓▓♣♣♣♣♣♣♣♣♣♣▓▓▓▓▓▓▓▓▓▓▓▓▓▓▓
.................................
▓▓▓▓▓▓▓▓▓▓▓▓▓▓▓▓▓▓▓▓▓▓▓▓▓▓▓▓▓▓▓▓▓
....'........[..)).))..........[[
▓▓▓▓▓▓▓▓▓▓▓▓▓▓▓▓▓▓▓▓▓▓▓▓▓▓▓▓▓▓▓▓▓
.......)......)..................
▓▓▓▓▓▓▓▓▓▓▓▓▓▓▓▓▓▓▓▓▓▓▓▓▓▓▓▓▓▓▓▓▓
....'....)∩)∩.∩.∩....))[.....))))


You could see a shambling mangrove, a bunyip (strong), an alligator (strong,
swift) and a will-o-the-wisp.

Vanquished Creatures
  A merfolk javelineer (D)
  A great orb of eyes (D)
  7 hydras (D)
  An ice dragon (D)
  A naga warrior (D)
  An ogre mage (D)
  A boulder beetle (D)
  Erolcha (D)
  A centaur warrior (D)
  2 tengu warriors (D)
  6 death yaks (D)
  9 orc high priests (D)
  2 sea snakes (D)
  A skeletal warrior (D)
  A spriggan druid (D)
  A bog body (D)
  A naga ritualist (D)
  An orc sorcerer (D)
  7 orc knights (D)
  3 ugly things (D)
  2 orb spiders (D)
  3 cyclopes (D)
  4 manticores (D)
  An elephant (D)
  A water nymph (D)
  A naga mage (D)
  5 black mambas (D)
  3 cane toads (D)
  An eye of devastation (shapeshifter) (D)
  Psyche (D)
  A torpor snail (D)
  An unseen horror (D)
  2 demonic crawlers (D)
  A meliai (D)
  2 trolls (D)
  2 merfolk (D)
  A polar bear (D)
  A wind drake (D)
  2 jumping spiders (D)
  A redback (D)
  A tarantella (D)
  A wraith (D)
  2 yaks (D)
  A basilisk (D)
  A naga (D)
  5 water moccasins (D)
  12 orc warriors (D)
  A necrophage (D)
  3 bullfrogs (D)
  A killer bee (D)
  A howler monkey (D)
  2 orc priests (D)
  5 orc wizards (D)
  A worm (D)
  4 orcs (D)
  A bat skeleton (D)
  2 goblins (D)
  A ball python skeleton (D)
  A bat (D)
  2 frilled lizards (D)
  A jackal skeleton (D)
134 creatures vanquished.

Notes
Turn   | Place    | Note
-------+----------+-------------------------------------------
     0 | D        | night the Vine Stalker Fighter began the quest for the Orb.
     0 | D        | Reached XP level 1. HP: 11/11 MP: 2/2
    27 | D        | Reached skill level 3 in Unarmed Combat
   136 | D        | Noticed a necrophage
   145 | D        | Reached XP level 2. HP: 10/16 MP: 3/3
   163 | D        | Killed a necrophage
   164 | D        | Reached skill level 6 in Unarmed Combat
   164 | D        | Reached XP level 3. HP: 5/22 MP: 4/4
   164 | D        | Gained mutation: Your natural rate of healing is unusually
                  | fast. [Vine Stalker growth]
   164 | D        | Reached XP level 4. HP: 6/26 MP: 5/5
   194 | D        | Found a snail-covered altar of Cheibriados.
   194 | D        | Found a shadowy altar of Dithmenos.
   194 | D        | Found a white marble altar of Elyvilon.
   194 | D        | Found a blossoming altar of Fedhas.
   194 | D        | Found an opulent altar of Gozag.
   195 | D        | Found a hazy altar of Hepliaklqana.
   196 | D        | Found a viscous altar of Jiyva.
   197 | D        | Found an ancient bone altar of Kikubaaqudgha.
   198 | D        | Found a corrupted altar of Lugonu.
   199 | D        | Found a burning altar of Makhleb.
   200 | D        | Found a sparkling altar of Nemelex Xobeh.
   201 | D        | Found an iron altar of Okawaru.
   202 | D        | Became a worshipper of Gozag Ym Sagoz the Greedy
   203 | D        | Found a stormy altar of Qazlal.
   204 | D        | Found a sacrificial altar of Ru.
   205 | D        | Found a shimmering blue altar of Sif Muna.
   206 | D        | Found a bloodstained altar of Trog.
   207 | D        | Found a hide-covered altar of Uskayaw.
   208 | D        | Found a radiant altar of Vehumet.
   209 | D        | Found an ornate altar of the Wu Jian Council.
   210 | D        | Found a shimmering altar of Xom.
   211 | D        | Found a basalt altar of Yredelemnul.
   212 | D        | Found a glowing silver altar of Zin.
   213 | D        | Found a glowing golden altar of the Shining One.
   260 | D        | Noticed an orc warrior
   260 | D        | Noticed a troll
   260 | D        | Noticed a wraith
   269 | D        | Killed a wraith
   270 | D        | Reached skill level 8 in Unarmed Combat
   270 | D        | Reached XP level 5. HP: 32/32 MP: 4/6
   270 | D        | Reached XP level 6. HP: 36/36 MP: 4/7
   273 | D        | Killed a troll
   274 | D        | Reached skill level 10 in Unarmed Combat
   274 | D        | Reached XP level 7. HP: 28/42 MP: 6/8
   278 | D        | Reached skill level 11 in Unarmed Combat
   291 | D        | Killed an unseen horror
   292 | D        | Reached skill level 12 in Unarmed Combat
   292 | D        | Gained mutation: You have razor-sharp teeth. [Vine Stalker
                  | growth]
   292 | D        | Reached XP level 8. HP: 12/48 MP: 4/9
   324 | D        | Noticed a cyclops
   324 | D        | Noticed a meliai
   324 | D        | Noticed a centaur warrior
   324 | D        | Noticed a troll
   324 | D        | Noticed a purple ugly thing
   324 | D        | Noticed a cyclops
   330 | D        | Killed a cyclops
   336 | D        | Killed a purple ugly thing
   337 | D        | Reached skill level 13 in Unarmed Combat
   337 | D        | Reached XP level 9. HP: 30/53 MP: 10/10
   340 | D        | Killed a troll
   344 | D        | Killed a centaur warrior
   345 | D        | Reached skill level 10 in Fighting
   345 | D        | Reached skill level 10 in Shields
   345 | D        | Reached skill level 14 in Unarmed Combat
   346 | D        | Killed a meliai
   348 | D        | Killed a cyclops
   349 | D        | Reached skill level 15 in Unarmed Combat
   590 | D        | Noticed a seven-headed hydra
   590 | D        | Noticed a cane toad
   590 | D        | Noticed a cane toad
   597 | D        | Killed a cane toad
   598 | D        | Reached XP level 10. HP: 60/60 MP: 11/11
   601 | D        | Noticed a six-headed hydra
   602 | D        | Killed a seven-headed hydra
   619 | D        | Reached skill level 16 in Unarmed Combat
   622 | D        | Killed a six-headed hydra
   623 | D        | HP: 2/61 [cane toad (15)]
   727 | D        | Killed a cane toad
   785 | D        | Noticed a four-headed hydra
   785 | D        | Noticed an elephant
   785 | D        | Noticed a six-headed hydra
   791 | D        | Killed a six-headed hydra
   792 | D        | Reached skill level 12 in Fighting
   792 | D        | Reached skill level 12 in Shields
   792 | D        | Reached skill level 17 in Unarmed Combat
   792 | D        | Noticed a cane toad
   794 | D        | Reached XP level 11. HP: 63/66 MP: 12/12
   803 | D        | Killed a four-headed hydra
   814 | D        | Reached skill level 18 in Unarmed Combat
   835 | D        | Noticed a death yak
   835 | D        | Noticed a death yak
   835 | D        | Noticed a death yak
   835 | D        | Noticed a death yak
   836 | D        | Noticed a death yak
   839 | D        | Killed a death yak
   844 | D        | Killed a death yak
   846 | D        | Noticed a death yak
   851 | D        | Killed a death yak
   856 | D        | Killed a death yak
   861 | D        | Killed a death yak
   862 | D        | Reached skill level 19 in Unarmed Combat
   865 | D        | Killed a death yak
  1000 | D        | Noticed an orc sorcerer
  1020 | D        | Killed an orc sorcerer
  1042 | D        | Reached XP level 12. HP: 74/74 MP: 13/13
  1105 | D        | Noticed an orc high priest
  1127 | D        | Killed an orc high priest
  1128 | D        | Reached skill level 14 in Fighting
  1128 | D        | Reached skill level 14 in Shields
  1128 | D        | Reached skill level 20 in Unarmed Combat
  1156 | D        | Found Loqateiqan's Distillery.
  1156 | D        | Noticed an orc high priest
  1156 | D        | Noticed an orc high priest
  1156 | D        | Noticed an orc high priest
  1169 | D        | Noticed an orc high priest
  1173 | D        | Killed an orc high priest
  1184 | D        | HP: 5/74 [orc high priest/divine providence (12)]
  1197 | D        | HP: 11/74 [orc high priest/divine providence (10)]
  1348 | D        | Killed an orc high priest
  1390 | D        | Killed an orc high priest
  1429 | D        | Noticed an orc high priest
  1432 | D        | Noticed a sun demon
  1436 | D        | Killed an orc high priest
  1440 | D        | Killed an orc high priest
  1441 | D        | Noticed an orc high priest
  1456 | D        | Killed an orc high priest
  1457 | D        | Reached skill level 21 in Unarmed Combat
  1520 | D        | Found Tyut's Assorted Antiques.
  1524 | D        | Found Heretrum's Weapon Boutique.
  1528 | D        | Found Ogiunoor's Antique Armour Shop.
  1543 | D        | Bought a potion of berserk rage for 65 gold pieces
  1543 | D        | Bought a potion of lignification for 39 gold pieces
  1548 | D        | Noticed an orc high priest
  1552 | D        | Noticed an orc high priest
  1566 | D        | Killed an orc high priest
  1574 | D        | Killed an orc high priest
  1586 | D        | Bought a bronze ring for 150 gold pieces
  1590 | D        | Bought a glowing scale mail for 161 gold pieces
  1590 | D        | Bought a shiny scale mail for 161 gold pieces
  1627 | D        | Noticed Erolcha
  1632 | D        | Killed Erolcha
  1638 | D        | Noticed Psyche
  1655 | D        | Killed Psyche
  1656 | D        | Reached XP level 13. HP: 81/81 MP: 14/14
  1864 | D        | Reached skill level 22 in Unarmed Combat
  1871 | D        | Noticed an ice dragon
  1873 | D        | Reached skill level 1 in Spellcasting
  1876 | D        | Reached skill level 2 in Spellcasting
  1876 | D        | Noticed a great orb of eyes
  1901 | D        | Killed an ice dragon
  1906 | D        | Killed a great orb of eyes
  1907 | D        | Reached skill level 16 in Fighting
  1916 | D        | Reached skill level 5 in Spellcasting
  2076 | D        | Reached skill level 23 in Unarmed Combat
  2246 | D        | Noticed a merfolk javelineer
  2265 | D        | Killed a merfolk javelineer
  2324 | D        | Noticed a naga warrior
  2347 | D        | Killed a naga warrior
  2348 | D        | Reached skill level 24 in Unarmed Combat
  2348 | D        | Reached XP level 14. HP: 89/89 MP: 27/27
  2456 | D        | HP: 1/89 [bunyip (31)]
  2456 | D        | Annihilated by a bunyip

Illustrated notes

Levels and vault maps discovered:
D:        linesprint [early_d, line_temple, items_1, d_10, items_2, lair_1,
          lair_end, items_3, orc_1, orc_end, items_4, d_15, swamp_1, shoals_1,
          snake_1, spider_1, d_20, vaults_1, items_5, swamp_end, shoals_end,
          snake_end, spider_end, vaults_end, d_27, items_6, zot_1, zot_end,
          crypt_end, forest_end, elf_end, slime_end, tomb_end, abyss_end,
          pan_hell_end]

Skill      XL: |  1  2  3  4  5  6  7  8  9 10 11 12 13 14 |
---------------+-------------------------------------------+-----
Fighting       | 3 4 6 7 8 9 10 12 13 15 17 | 17.3
Shields        | 3 4 6 7 8 9 10 12 13 15 | 15.0
Unarmed Combat | 3 6 8 10 12 13 15 17 19 21 24 | 24.4
Spellcasting   | 8 9 |  9.7
Armour         | |  2.4

Action                   |  1- 3 |  4- 6 |  7- 9 | 10-12 | 13-15 || total
-------------------------+-------+-------+-------+-------+-------++-------
Melee: Unarmed           |    42 |    20 |    35 |   282 |   203 ||   582
       Bite              |    11 |     8 |    12 |    80 |    72 ||   183
Throw: Boomerang         |       |       |       |     5 |       ||     5
Invok: Potion Petition   |       |       |     1 |     2 |     1 ||     4
Evoke: Wand              |       |       |     6 |     3 |       ||     9
  Use: Potion            |       |     1 |     3 |     1 |       ||     5
       Scroll            |       |       |       |     3 |       ||     3
 Stab: Distracted        |       |       |     1 |     4 |     4 ||     9
Armor: Scale mail        |    17 |     3 |    11 |    40 |    51 ||   122
       Skin              |       |       |       |     2 |       ||     2
Dodge: Dodged            |     8 |     9 |    13 |    47 |    40 ||   117
Block: Kite shield       |    15 |     9 |    15 |    79 |    75 ||   193

Table legend: (Time is in decaauts)
 A = Elapsed time spent in this place.
 B = Non-inter-level travel time spent in this place.
 C = Inter-level travel time spent in this place.
 D = Time resting spent in this place.
 E = Time spent auto-exploring this place.
 F = Levels seen in this place.
 G = Mean time per level.
                   A        B        C        D        E       F      G
               +--------+--------+--------+--------+--------+-----+--------+
         Total |   2258 |   2258 |      0 |    329 |    599 |   1 | 2258.0 |
       Dungeon |   2258 |   2258 |      0 |    329 |    599 |   1 | 2258.0 |
               +--------+--------+--------+--------+--------+-----+--------+

Top non-repeatable levels by time:
       D: 2258 daAuts
